 Dungeon Crawl Stone Soup version 0.27.1 (webtiles) character file.

Game seed: 6323306886324472192

119 funkygono the Firebug (level 5, -4/28 HPs)
             Began as a Gargoyle Fire Elementalist on Aug 29, 2021.
             Slain by a wight (6 damage)
             ... in a sewer.
             The game lasted 00:04:24 (2730 turns).

funkygono the Firebug (Gargoyle Fire Elementalist)  Turns: 2730, Time: 00:04:26

Health: -4/28      AC:  6    Str: 11    XL:     5   Next: 3%
Magic:  1/9        EV: 12    Int: 17    God:
Gold:   81         SH:  0    Dex: 10    Spells: 6/10 levels left

rFire    . . .     SeeInvis .   k - +0 whip
rCold    . . .     Faith    .   (no shield)
rNeg     + . .     Spirit   .   a - +0 robe
rPois    ∞         Reflect  .   (no helmet)
rElec    +         Harm     .   (no cloak)
rCorr    .         Rampage  .   (no gloves)
Will     .....                  (no boots)
Stlth    ++........             (no amulet)
HPRegen  0.09/turn              (no ring)
MPRegen  0.11/turn              (no ring)

@: very slightly contaminated
A: sickness immunity, AC +4, negative energy resistance 1, electricity
resistance, torment resistance 1, petrification resistance
a: no special abilities


You were in a sewer.
You visited 1 branch of the dungeon, and saw 3 of its levels.
You also visited: Sewer.

You collected 81 gold pieces.

Inventory:

Hand Weapons
 e - a +0 club
 k - a +0 whip (weapon)
Missiles
 g - 98 stones
Armour
 a - a +0 robe (worn)
Scrolls
 c - 2 scrolls of identify {unknown}
 d - a scroll of fear {unknown}
 f - 2 scrolls of teleportation {unknown}
 i - a scroll of fog {unknown}
Potions
 b - a potion of flight {unknown}
 h - a potion of curing {unknown}
 j - a potion of brilliance {unknown}


   Skills:
 + Level 1.8 Dodging
 - Level 2.1 Stealth
 * Level 3.2 Spellcasting
 * Level 2.4 Conjurations
 * Level 4.1 Fire Magic


You had 6 spell levels left.
You knew the following spells:

 Your Spells              Type           Power      Damage    Failure   Level
a - Foxfire               Conj/Fire      52%        2x1d6     4%          1
b - Conjure Flame         Conj/Fire      13%        6-21      14%         3

Your spell library contained the following spells:

 Spells                   Type           Power      Damage    Failure   Level
 Inner Flame              Hex/Fire       9%         N/A       22%         3
 Sticky Flame             Conj/Fire      13%        2d4       41%         4
 Fireball                 Conj/Fire      6%         3d5       77%         5


Dungeon Overview and Level Annotations

Branches:
Dungeon (3/15)              Sewer (1/1)

Altars:


Innate Abilities, Weirdness & Mutations

You are immune to sickness and miasma.
Your stone body is resilient. (AC +4)
You are immune to poison.
You resist negative energy. (rN+)
You are resistant to electric shocks. (rElec)
You are resistant to unholy torment.
You are immune to petrification.


Message History

The foxfire hits the wight but does no damage.
The wight is lightly damaged.
Casting: Foxfire (safe; 4% risk of failure)
Confirm with . or Enter, or press ? or * to list all spells.
You conjure some foxfire!
The wight closely misses you.
Unknown command.
The foxfire hits the wight.
The wight is moderately damaged.
The foxfire hits the wight but does no damage.
The wight is moderately damaged.
Casting: Foxfire (safe; 4% risk of failure)
Confirm with . or Enter, or press ? or * to list all spells.
You conjure some foxfire!
The wight hits you from afar with a +2 trident.
Unknown command.
The foxfire hits the wight but does no damage.
The wight is lightly damaged.
The foxfire hits the wight but does no damage.
The wight is lightly damaged.
Things that are here:
a +0 dagger; 4 poisoned darts
Casting: Foxfire (safe; 4% risk of failure)
Confirm with . or Enter, or press ? or * to list all spells.
You conjure some foxfire!
The wight hits you from afar with a +2 trident!
Unknown command.
You open the door.
The foxfire hits the ball python.
You kill the ball python!
The foxfire hits the wight.
The wight is moderately damaged.
The wight hits you from afar with a +2 trident!
* * * LOW HITPOINT WARNING * * *
There is an open door here.
Casting: Foxfire (safe; 4% risk of failure)
Confirm with . or Enter, or press ? or * to list all spells.
You miscast Foxfire.
You are very lightly contaminated with residual magic.
Nothing appears to happen.
The wight hits you from afar with a +2 trident.
You die...

..... #≈≈.#...≈≈≈≈≈≈≈≈≈≈≈≈≈≈
..⌠..###.####.###≈##≈##≈####
⌠...).#...#≈≈.............#.
.._.⌠.'...≈≈≈≈..............
#...#v≈.............#.
##)####.#≈###≈†#≈####†
#≈≈.#....≈≈≈≈≈≈≈≈≈≈≈#.
#≈≈.#...≈≈≈≈≈≈≈≈≈≈≈≈#.
#≈§Z#@.≈≈≈≈≈≈≈≈≈≈≈≈≈#.
#≈)z#.≈≈≈≈≈≈≈≈≈≈≈≈≈≈#.
#≈≈)#z.≈≈≈≈≈≈≈≈≈≈≈≈≈#.
#≈≈.Z.≈≈≈≈≈≈≈≈≈≈≈≈≈≈#.
##≈##################. #≈.≈
≈≈≈≈≈≈≈#. #≈≈≈ ≈≈≈≈≈≈≈≈.
#≈≈≈ ≈≈≈≈≈≈≈#. #####
#########


You could see a wight and a kobold zombie.

Vanquished Creatures
  An adder (D:2)
  3 shadow imps (Sewer)
  4 ufetubi (Sewer)
  3 dart slugs
  An orc (D:2)
  A bat zombie (Sewer)
  3 endoplasms
  2 giant cockroaches
  2 goblins
  3 hobgoblins (D:2)
  7 kobolds
  3 quokkas
  10 ball pythons
  8 bats
  12 frilled lizards
  A giant cockroach zombie (Sewer)
  2 rats
66 creatures vanquished.

Vanquished Creatures (others)
  183 foxfires
183 creatures vanquished.

Grand Total: 249 creatures vanquished

Notes
Turn   | Place    | Note
-------+----------+-------------------------------------------
     0 | D:1      | funkygono the Gargoyle Fire Elementalist began the quest
                  | for the Orb.
     0 | D:1      | Reached XP level 1. HP: 10/10 MP: 3/3
   479 | D:1      | Reached XP level 2. HP: 15/15 MP: 0/5
   994 | D:1      | Reached XP level 3. HP: 19/19 MP: 4/6
   998 | D:1      | Learned a level 3 spell: Conjure Flame
  1123 | D:1      | Found a faded altar of an unknown god.
  2220 | D:3      | Found a glowing drain.
  2240 | D:3      | Reached XP level 4. HP: 24/24 MP: 5/8
  2294 | Sewer    | Entered a sewer
  2464 | Sewer    | Reached skill level 4 in Fire Magic
  2656 | Sewer    | Reached XP level 5. HP: 28/28 MP: 3/9
  2708 | Sewer    | Found an ancient bone altar of Kikubaaqudgha.
  2730 | Sewer    | Slain by a wight

Illustrated notes

Levels and vault maps discovered:
D:1:      dpeg_arrival_circle_labyrinth_c, layout_loops_ring,
          dilly_ecumenical_altar_fadedgnrine, minmay_lizard_pond
D:2:      layout_rooms, minmay_misc_feat_four_crosses, minmay_misc_feat_plants
D:3:      layout_loops_ring, portal_sewer_entry_c, minmay_tree_intersection
Sewer:    kennysheep_sewer_church

Skill      XL: |  1  2  3  4 |
---------------+-------------+-----
Conjurations   | 2 |  2.4
Spellcasting   | 3 |  3.2
Fire Magic     | 4 |  4.1
Dodging        | |  1.8
Stealth        | |  2.1

Action                   |  1- 3 |  4- 6 || total
-------------------------+-------+-------++-------
Melee: Unarmed           |     2 |       ||     2
       Club              |     3 |       ||     3
       Whip              |       |     6 ||     6
 Cast: Foxfire           |    66 |    43 ||   109
Armor: Robe              |     7 |     9 ||    16
Dodge: Dodged            |    10 |    22 ||    32
